 Dungeon Crawl Stone Soup version 0.19-a0-1254-gb9c29c0 (webtiles) character file.

7 Gorice the Sneak (level 2, 0/16 HPs)
             Began as a Kobold Enchanter on Aug 27, 2016.
             Slain by a jackal (2 damage)
             ... on level 1 of the Dungeon.
             The game lasted 00:00:50 (119 turns).

Gorice the Sneak (Kobold Enchanter)                  Turns: 119, Time: 00:00:51

Health: 0/16       AC:  5    Str:  6    XL:     2   Next: 5%
Magic:  2/5        EV: 12    Int: 13    God:
Gold:   20         SH:  0    Dex: 16    Spells: 1 memorised, 4 levels left

rFire  . . .     SeeInvis .     a - +1 dagger
rCold  . . .     Gourm    .     e - +0 ring mail
rNeg   . . .     Faith    .     (shield restricted)
rPois  .         Spirit   .     (no helmet)
rElec  .         Dismiss  .     (no cloak)
rCorr  .         Reflect  .     (no gloves)
MR     .....     Harm     .     (no boots)
Stlth  ++........               (no amulet)
                                (no ring)
                                (no ring)

@: no status effects
A: carnivore 3
a: no special abilities


You were on level 1 of the Dungeon.
You were not hungry.

You visited 1 branch of the dungeon, and saw 1 of its levels.

You collected 20 gold pieces.

Inventory:

Hand Weapons
 a - a +1 dagger (weapon)
Missiles
 Z - 37 stones (quivered)
Armour
 b - a +1 robe
 e - a +0 ring mail (worn)
Books
 c - a book of Maledictions
Comestibles
 d - a meat ration {!e}
 f - a chunk of flesh


   Skills:
 + Level 0.7 Fighting
 * Level 1.7 Short Blades
 + Level 2.8 Dodging
 - Level 4.0 Stealth
 - Level 2.0 Spellcasting
 - Level 3.0 Hexes


You had 4 spell levels left.
You knew the following spells:

 Your Spells              Type           Power        Failure   Level  Hunger
a - Corona                Hex            #......      30%         1    ##.....


Dungeon Overview and Level Annotations

Branches:
Dungeon (1/15)

Altars:


Innate Abilities, Weirdness & Mutations

You are small and have problems with some larger weapons.
You are carnivorous and can eat meat at any time.


Message History

The jackal is severely wounded.
The jackal closely misses you. The jackal bites you.
Damage: 1 (max 1)
You hit the jackal but do no damage.
The jackal is severely wounded.
The jackal closely misses you.
You closely miss the jackal.
The jackal is severely wounded.
The jackal bites you.
Damage: 2 (max 2)
You hit the jackal.
The jackal is almost dead.
The jackal bites you.
* * * LOW HITPOINT WARNING * * *
Damage: 1 (max 2)
You closely miss the jackal.
The jackal is almost dead.
The jackal bites you.
* * * LOW HITPOINT WARNING * * *
The jackal barely misses you.
Damage: 3 (max 3) Unknown command.
Casting: Corona
Confirm with . or Enter, or press ? or * to list all spells.
Aiming: Corona
Press: ? - help, Shift-Dir - straight line, f - jackal
Aim: a jackal (almost dead, chance to defeat MR: 81%)
The jackal is outlined in light.
The jackal barely misses you.
You hit the jackal.
You kill the jackal!
You have reached level 2!
Casting: Corona
Confirm with . or Enter, or press ? or * to list all spells.
Aiming: Corona
Press: ? - help, Shift-Dir - straight line, f - jackal
Aim: a jackal (chance to defeat MR: 81%)
The jackal is outlined in light.
The jackal bites you.
* * * LOW HITPOINT WARNING * * *
The jackal bites you but does no damage.
Damage: 1 (max 3)
You hit the jackal.
The jackal is lightly wounded.
The jackal bites you but does no damage.
You hit the jackal.
The jackal is moderately wounded.
The jackal barely misses you.
Your ring mail prevents you from hitting the jackal.
The jackal is moderately wounded.
The jackal stops glowing.
The jackal bites you.
You die...

..# #####.# ... #.# ######
#.###.# ###....# #...#.#
#.#.##.#
###.#.##########.#.##.####
.[........................
###.#.###.................
# #.#.# #.######@########.
###.#.###.# #h#
....#...........h.......
..........###...........
###...###...............
........#.###...........
........# #...........
...###.... #..(........
....>#.... ##...#######


You could see 2 jackals.

Vanquished Creatures
  A giant cockroach (D:1)
  2 jackals (D:1)
  2 bats (D:1)
  A giant newt (D:1)
6 creatures vanquished.

Notes
Turn   | Place    | Note
-------+----------+-------------------------------------------
     0 | D:1      | Gorice the Kobold Enchanter began the quest for the Orb.
     0 | D:1      | Reached XP level 1. HP: 10/10 MP: 3/3
   113 | D:1      | HP: 2/11 [jackal (3)]
   115 | D:1      | Reached XP level 2. HP: 3/16 MP: 3/5
   119 | D:1      | Slain by a jackal

Vault maps used:
D:1:      minmay_arrival_open_corners

Action                   || total
-------------------------++-------
Melee: Dagger            ||    32
 Cast: Corona            ||     2
 Stab: Sleeping          ||     1
Armor: Ring mail         ||    19
Dodge: Dodged            ||    27

Table legend:
 A = Turns spent in this place as a percentage of turns spent in the entire game.
 B = Non-inter-level travel turns spent in this place as a percentage of non-inter-level travel turns spent in the entire game.
 C = Inter-level travel turns spent in this place as a percentage of turns spent in this place.
 D = Turns resting spent in this place as a percentage of non-inter-level travel turns spent in this place.
 E = Turns spent auto-exploring this place as a percentage of non-inter-level travel turns spent in this place.
 F = Non-inter-level travel turns spent in this place divided by the number of levels of this place that you've seen.
                   A       B       C       D       E      F
               +-------+-------+-------+-------+-------+----------------------
         Total | 100.0 | 100.0 |   0.0 |   0.0 |   1.8 | 110.0
       Dungeon | 100.0 | 100.0 |   0.0 |   0.0 |   1.8 | 110.0
               +-------+-------+-------+-------+-------+----------------------

Vault maps used:
D:1:      minmay_arrival_open_corners
